 Dungeon Crawl Stone Soup version 0.25.1-1-g288607f5aa (webtiles) character file.

Game seed: 12322493883249644087

(classic levelgen) 134 EnegeticOcto the Chopper (level 4, 8/40 HPs)
             Began as a Deep Dwarf Fighter on July 24, 2020.
             Quit the game on level 3 of the Dungeon.
             The game lasted 00:02:40 (463 turns).

EnegeticOcto the Chopper (Deep Dwarf Fighter)        Turns: 463, Time: 00:02:41

Health: 8/40       AC:  6    Str: 21    XL:     4   Next: 95%
Magic:  2/2        EV:  7    Int:  8    God:
Gold:   52         SH:  9    Dex: 12    Spells: 3/3 levels left

rFire    . . .     SeeInvis .   a - +0 war axe
rCold    . . .     Gourm    .   c - +0 kite shield
rNeg     . . .     Faith    .   b - +0 scale mail
rPois    .         Spirit   .   (no helmet)
rElec    .         Reflect  .   (no cloak)
rCorr    .         Harm     .   (no gloves)
MR       .....                  (no boots)
Stlth    ..........             (no amulet)
HPRegen  0.00/turn              i - ring of flight
MPRegen  0.08/turn              (no ring)

@: non-regenerating
A: damage resistance, heal wounds, sense surroundings 1, no regeneration
a: Heal Wounds, Evoke Flight


You were on level 3 of the Dungeon.
You were not hungry.

You visited 2 branches of the dungeon, and saw 5 of its levels.

You collected 52 gold pieces.

Inventory:

Hand Weapons
 a - a +0 war axe (weapon)
Armour
 b - a +0 scale mail (worn)
 c - a +0 kite shield (worn)
Jewellery
 i - a ring of flight (left hand)
Scrolls
 f - a scroll of immolation {unknown}
 g - a scroll of identify {unknown}
 j - a scroll of teleportation {unknown}
 k - a scroll of random uselessness {unknown}
Potions
 d - 2 potions of might {@q3 !q}
 h - a potion of stabbing {unknown}
 l - a potion of flight {unknown}
Comestibles
 e - 2 rations


   Skills:
 - Level 2.6 Fighting
 + Level 5.7 Axes
 - Level 3.2 Armour
 - Level 3.2 Shields


You had 3 spell levels left.
You didn't know any spells.
Your spell library was empty.

Dungeon Overview and Level Annotations

Branches:
Dungeon (4/15)             Temple (1/1) D:4

Altars:
Ashenzari
Elyvilon
Fedhas
Gozag
Kikubaaqudgha
Nemelex Xobeh
Qazlal
Sif Muna
Trog
Uskayaw
Vehumet
Wu Jian
Xom
Yredelemnul


Innate Abilities, Weirdness & Mutations

You are resistant to damage.
You can heal yourself by infusing magical energy.
You passively map a small area around you.
You do not regenerate.


Message History

* * * LOW HITPOINT WARNING * * *
You are too injured to fight recklessly!
You are too injured to fight recklessly!
You are too injured to fight recklessly!
You are too injured to fight recklessly!
You are too injured to fight recklessly!
You are too injured to fight recklessly!
You are too injured to fight recklessly!
You are too injured to fight recklessly!
You are too injured to fight recklessly!
You are too injured to fight recklessly!
You are too injured to fight recklessly!
You are too injured to fight recklessly!
You hit Natasha.
Natasha is heavily wounded.
You hit the white imp.
Your shield and scale mail prevent you from hitting the white imp.
Natasha casts a spell at you.
You feel yourself slow down.
The white imp lashes its tail.
You block the white imp's attack.
The white imp hits you but does no damage.
Natasha claws you.
You hit Natasha.
Natasha is almost dead.
You hit the white imp but do no damage. You hit the white imp.
You block the white imp's attack. x2; Natasha claws you but does no damage.
The white imp hits you but does no damage. x2
Natasha claws you.
* * * LOW HITPOINT WARNING * * *
You slash Natasha!
You kill Natasha!
Natasha growls in agony!
The white imp disappears in a puff of smoke! x2
You now have 52 gold pieces (gained 15).
A kobold comes into view. It is wielding a +0 club.
The kobold shouts!
You slash the kobold!
You kill the kobold!
Things that are here:
a +0 club; a kobold corpse You feel yourself speed up.
The bat is too close now for your liking.
A bat is nearby!
The bat hits you. The bat hits you but does no damage.
The bat barely misses you. You block the bat's attack.
There is a stone staircase leading down here.
The bat hits you but does no damage. You block the bat's attack.
The bat hits you but does no damage. The bat hits you but does no damage.
You block the bat's attack. The bat hits you but does no damage.
You block the bat's attack. The bat hits you but does no damage.
The bat closely misses you. The bat barely misses you.
The bat hits you but does no damage. The bat hits you but does no damage.
The bat hits you but does no damage. The bat hits you but does no damage.
You block the bat's attack. You block the bat's attack.
You block the bat's attack. The bat hits you but does no damage.
The bat hits you but does no damage. You block the bat's attack.
The bat hits you but does no damage. The bat closely misses you.
You block the bat's attack. The bat hits you but does no damage.
You block the bat's attack. The bat closely misses you.
The bat hits you but does no damage. The bat hits you but does no damage.
You block the bat's attack. You block the bat's attack.
You block the bat's attack. The bat misses you. You block the bat's attack.
You block the bat's attack. The bat barely misses you.
The bat hits you but does no damage. The bat hits you but does no damage.
The bat hits you but does no damage. The bat closely misses you.
You block the bat's attack. You block the bat's attack.
The bat hits you but does no damage.
Unknown command.
Unknown command.
Are you sure you want to abandon this character and quit the game? (Confirm with "yes".)
Okay, then.
Are you sure you want to abandon this character and quit the game? (Confirm with "yes".)
Okay, then.
Unknown command.
Unknown command.
Unknown command.
Unknown command.
Are you sure you want to abandon this character and quit the game? (Confirm with "yes".)

** , * * #######
#.....# *###.....##
#.######.........#
#.....@# *#......#
######b# #.....(#
***#.# #....).##### #,
#.#+##......$...# * *
####.##.....$.#######$#
.......>......#######.#
####.##.......#.......#
* #..........#.#######
####.......#.#


You could see a bat.

Vanquished Creatures
  Natasha (D:3)
  2 worker ants (D:4)
  2 adders
  An ooze (D:2)
  3 worms (D:2)
  A leopard gecko (D:4)
  An orc (D:3)
  A bat (D:2)
  A giant cockroach (D:4)
  3 goblins (D:2)
  3 hobgoblins
  9 kobolds
  A frilled lizard (D:1)
  2 rats (D:2)
31 creatures vanquished.

Notes
Turn   | Place    | Note
-------+----------+-------------------------------------------
     0 | D:1      | EnegeticOcto the Deep Dwarf Fighter began the quest for the
                  | Orb.
     0 | D:1      | Reached XP level 1. HP: 20/20 MP: 1/1
    52 | D:2      | Reached skill level 3 in Axes
    71 | D:2      | Reached XP level 2. HP: 27/27 MP: 2/2
   110 | D:2      | Found an ancient bone altar of Kikubaaqudgha.
   119 | D:2      | Reached skill level 4 in Axes
   119 | D:2      | Reached XP level 3. HP: 24/33 MP: 3/3
   134 | D:2      | Your magical essence is drained by the effort!
   224 | D:4      | Found a staircase to the Ecumenical Temple.
   231 | D:4      | Reached XP level 4. HP: 30/40 MP: 3/3
   250 | D:4      | Your magical essence is drained by the effort!
   251 | D:4      | Reached skill level 5 in Axes
   258 | Temple   | Entered the Ecumenical Temple
   379 | D:3      | Noticed Natasha
   388 | D:3      | Killed Natasha
   463 | D:3      | Quit the game

Illustrated notes

Levels and vault maps discovered:
D:1:      saegor_arrival_simple_b, layout_rooms, serial_park_tiny_2,
          minmay_hedge_maze, minmay_tetromino_o4
D:2:      layout_rooms, kiku_gazebo_garden_becter, lemuel_doored_altar
D:3:      layout_basic, chequers_serial_rivers_micro_e, uniq_natasha, uniq_robin
D:4:      layout_basic, kennysheep_slug_shrine, minmay_temple_entry_glass,
          first_ration
Temple:   nicolae_temple_figure_eight

Skill      XL: |  1  2  3  4 |
---------------+-------------+-----
Axes           | 3 4 5 |  5.7
Fighting       | |  2.6
Armour         | |  3.2
Shields        | |  3.2

Action                   |  1- 3 |  4- 6 || total
-------------------------+-------+-------++-------
Melee: War axe           |    52 |    25 ||    77
 Abil: Heal Wounds       |     2 |     1 ||     3
Armor: Scale mail        |    67 |    42 ||   109
Dodge: Dodged            |    44 |    14 ||    58
Block: Kite shield       |    82 |    31 ||   113
